 Dungeon Crawl Stone Soup version 0.30.0-19-g36f170ea60 (webtiles) character file.

Game seed: 9847171593877654852

21 cheesebisquit the Grave Robber (level 2, -3/26 HPs)
             Began as a Hill Orc Necromancer on May 31, 2023.
             Slain by a hobgoblin
             ... wielding a +0 hand axe
              (8 damage)
             ... on level 2 of the Dungeon.
             The game lasted 00:02:55 (1347 turns).

cheesebisquit the Grave Robber (HONe)               Turns: 1347, Time: 00:02:56

Health: -3/26      AC:  2    Str: 10    XL:     2   Next: 87%
Magic:  0/4        EV: 12    Int: 15    God:
Gold:   93         SH:  0    Dex: 11    Spells: 3/4 levels left

rFire   . . .        g - +0 mace
rCold   . . .        (no shield)
rNeg    . . .        a - +0 robe
rPois   .            j - +0 hat
rElec   .            (no cloak)
rCorr   .            (no gloves)
SInv    .            (no boots)
Will    .....        (no amulet)
Stlth   ++           (no ring)
HPRegen 0.24/turn    (no ring)
MPRegen 0.09/turn

%: no passive effects
@: no status effects
A: no striking features
a: no special abilities


You were on level 2 of the Dungeon.
You visited 1 branch of the dungeon, and saw 2 of its levels.

You collected 93 gold pieces.

Inventory:

Hand Weapons
 g - a +0 mace (weapon)
Armour
 a - a +0 robe (worn)
 j - a +0 hat (worn)
 p - a +0 tower shield
Scrolls
 b - a scroll of brand weapon {unknown}
 c - 4 scrolls of identify
 f - a scroll of teleportation {unknown}
 h - 2 scrolls of enchant armour {unknown}
 k - a scroll of blinking {unknown}
 n - 2 scrolls of immolation {unknown}
 o - 2 scrolls of fog {unknown}
Potions
 d - a potion of cancellation {unknown}
 e - a potion of lignification {unknown}
 i - a potion of experience {unknown}
 l - a potion of haste {unknown}
 m - 2 potions of heal wounds
 q - 2 potions of degeneration {unknown}


   Skills:
 + Level 3.0 Fighting
 - Level 1.5 Dodging
 - Level 1.5 Stealth
 - Level 1.5 Spellcasting
 - Level 4.0 Necromancy


You had 3 spell levels left.
You knew the following spells:

 Your Spells              Type           Power      Damage    Failure   Level
a - Necrotise             Necr           52%        1d6       4%          1

Your spell library contained the following spells:

 Spells                   Type           Power      Damage    Failure   Level
 Vampiric Draining        Necr           13%        2d6       14%         3
 Vhi's Electric Charge    Tloc/Air       2%         N/A       56%         3
 Animate Dead             Necr           13%        N/A       41%         4
 Agony                    Necr           13%        N/A       77%         5
 Arcjolt                  Conj/Air       0%         1d10      100%        5
 Maxwell's Capacitive Co  Air            0%         ∞         100%        8


Dungeon Overview and Level Annotations

Branches:
Dungeon (2/15)

Altars:

Annotations:
D:2 1 runed translucent door, Crazy Yiuf


Message History

The hobgoblin is heavily wounded.
The hobgoblin hits you but does no damage.
You closely miss the hobgoblin.
The hobgoblin is heavily wounded.
The hobgoblin closely misses you. The hobgoblin hits you.
You closely miss the hobgoblin.
The hobgoblin is moderately wounded.
The hobgoblin hits you.
The hobgoblin writhes in agony.
You kill the hobgoblin!
The dead are walking!
Your Fighting skill increases to level 3!
You hit the hobgoblin.
The hobgoblin is moderately wounded.
The hobgoblin hits you with a +0 hand axe. x2
The hobgoblin hits your hobgoblin skeleton with a +0 hand axe.
You swap places.
Your kobold skeleton hits the hobgoblin but does no damage.
The hobgoblin hits your kobold skeleton with a +0 hand axe!
Your kobold skeleton is destroyed!
The hobgoblin hits your hobgoblin skeleton with a +0 hand axe.
Your hobgoblin skeleton barely misses the hobgoblin.
The hobgoblin attacks as you move away! The hobgoblin barely misses you.
The hobgoblin attacks as you move away!
The hobgoblin hits you with a +0 hand axe.
* * * LOW HITPOINT WARNING * * *
Aiming: Necrotise (safe; 4% risk of failure)
Press: ? - help, Q - select action Shift-Dir - straight line, f - hobgoblin
Aim: a hobgoblin, wielding a +0 hand axe (ally target, chance to affect: 83%)
The hobgoblin writhes in agony.
The hobgoblin barely misses you. The hobgoblin barely misses you.
The hobgoblin hits your hobgoblin skeleton with a +0 hand axe.
Your hobgoblin skeleton is destroyed!
Okay, then.
As you read the scroll labelled XOICESH KACAMI, it crumbles to dust.
It is a scroll of identify.
m - 2 potions of heal wounds The hobgoblin hits you with a +0 hand axe!
You die...

######## #########
###......#
#.......#
.......#.#
#.......#
#...#####.......#
##..g@...........#
#.....###........#
##...## #........#
###.###..#
#........#
.........#
#.#.###..#
##.####.##
#.#......# #)#
#........# ...
#####.#### ##
..... #.# #.


You could see a hobgoblin.

Vanquished Creatures
  A ball python (D:1)
  A giant cockroach (D:2)
  4 goblins
  3 hobgoblins
  3 kobolds (D:2)
  A bat (D:2)
  A frilled lizard (D:1)
  4 rats
18 creatures vanquished.

Vanquished Creatures (collateral kills)
  A ball python (D:1)
  A bat (D:1)
  A rat (D:1)
3 creatures vanquished.

Grand Total: 21 creatures vanquished

Notes
Turn   | Place    | Note
-------+----------+-------------------------------------------
     0 | D:1      | cheesebisquit the Hill Orc Necromancer began the quest for
                  | the Orb.
     0 | D:1      | Reached XP level 1. HP: 14/14 MP: 3/3
   331 | D:1      | Reached skill level 1 in Fighting
   379 | D:1      | Reached XP level 2. HP: 24/24 MP: 0/4
  1064 | D:2      | Found a runed translucent door.
  1065 | D:2      | Noticed Crazy Yiuf
  1347 | D:2      | Slain by a hobgoblin

Illustrated notes

Levels and vault maps discovered:
D:1:      sevenhm_arrival_forest_fort_large_4, layout_basic, minmay_surrounded
D:2:      layout_loops_corners, uniq_crazy_yiuf_cottage

Skill      XL: |  1  2 |
---------------+-------+-----
Fighting       | 1 3 |  3.0
Dodging        | |  1.5
Stealth        | |  1.5
Spellcasting   | |  1.5
Necromancy     | |  4.0

Action                     || total
---------------------------++-------
  Melee: Mace              ||    12
         Punch             ||     1
   Cast: Necrotise         ||    30
    Use: Scroll            ||     1
         Potion            ||     1
 Armour: Robe              ||     4
  Dodge: Dodged            ||    15
